[Event "Norway Eliteserien 2023-24"]
[Site "Oslo"]
[Date "2024.03.08"]
[Round "7.21"]
[White "Sadhwani, Raunak"]
[Black "Kvaloy, Aksel Bu"]
[Result "1-0"]
[ECO "B90"]
[WhiteElo "2649"]
[BlackElo "2443"]
[Annotator "RC"]
[PlyCount "75"]
[EventDate "2023.10.27"]
[EventType "team-tourn"]
[EventCountry "NOR"]
[SourceTitle "playchess.com"]
[Source "ChessBase"]
[SourceQuality "1"]
[TimeControl "40/5400+30:1800+30"]

1. e4 c5 2. Nf3 d6 3. d4 cxd4 4. Nxd4 Nf6 5. Nc3 a6 6. Bd3 e5 7. Nde2 Be7 8. O-O O-O 9. h3 Nbd7 10. Ng3 Nc5 11. Be2 Be6 12. Be3 Rc8 13. Bf3 b5 14. Qd2 g6 15. Bh6 Re8 16. Rfd1 Qc7 17. Nf5 Bxf5 18. exf5 e4 19. Bg4 Rcd8 20. Qd4 d5 21. b4 gxf5 22. Bxf5 Ne6 23. Qd2 Qe5 24. Bxe6 fxe6 25. Ne2 Rc8 26. a4 Kf7 27. axb5 axb5 28. Ra7 Qb8 29. Rda1 Rc7 30. R7a6 Rc4 31. c3 Qe5 32. Bf4 Qh5 33. Ra7 Rcc8 34. R1a6 Rcd8 35. Nd4 e5 36. Bg5 exd4 37. Bxf6 Qf5 38. Qh6 1-0

[Event "Norway Eliteserien 2023-24"]
[Site "Oslo"]
[Date "2024.03.08"]
[Round "7.22"]
[White "Gjestemoen-VonHirsch, Andre"]
[Black "Tari, Aryan"]
[Result "0-1"]
[ECO "D02"]
[WhiteElo "2309"]
[BlackElo "2635"]
[Annotator "RC"]
[PlyCount "62"]
[EventDate "2023.10.27"]
[EventType "team-tourn"]
[EventCountry "NOR"]
[SourceTitle "playchess.com"]
[Source "ChessBase"]
[SourceQuality "1"]
[TimeControl "40/5400+30:1800+30"]

1. d4 Nf6 2. Bf4 d5 3. e3 c5 4. Nd2 Nc6 5. Ngf3 e6 6. c3 Nh5 7. Bg5 f6 8. Bh4 g6 9. a3 cxd4 10. cxd4 Bd6 11. Be2 O-O 12. O-O g5 13. Bg3 Nxg3 14. hxg3 f5 15. Re1 g4 16. Nh2 h5 17. Nhf1 Rf7 18. Bd3 Qf6 19. b4 a6 20. Re2 h4 21. f4 hxg3 22. Nxg3 Nxd4 23. Rf2 Nc6 24. Rc1 Bd7 25. e4 Qh4 26. exd5 Bxf4 27. dxe6 Bxg3 28. exf7+ Kg7 29. Qe1 Rh8 30. Kf1 Nd4 31. Rc7 Qh1# 0-1

[Event "Norway Eliteserien 2023-24"]
[Site "Oslo"]
[Date "2024.03.08"]
[Round "7.23"]
[White "Christiansen, Johan-Sebastian"]
[Black "Shehzad, Shazil"]
[Result "1/2-1/2"]
[ECO "A13"]
[WhiteElo "2633"]
[BlackElo "2265"]
[Annotator "TA"]
[PlyCount "134"]
[EventDate "2023.10.27"]
[EventType "team-tourn"]
[EventCountry "NOR"]
[SourceTitle "playchess.com"]
[Source "ChessBase"]
[SourceQuality "1"]
[TimeControl "40/5400+30:1800+30"]

1. c4 Nf6 2. g3 e6 3. Bg2 d5 4. Nf3 d4 5. O-O c5 6. e3 Nc6 7. exd4 cxd4 8. d3 Bd6 {A13: English Opening: 1...e6.} 9. Nbd2 h6 10. Re1 O-O 11. Qc2 e5 12. a3 a5 13. c5 Bc7 14. Rb1 Bf5 15. Nh4 $146 ({Predecessor:} 15. b4 axb4 16. axb4 Nd5 17. Ne4 Ndxb4 18. Qe2 Ra2 19. Rb2 Rxb2 20. Bxb2 Bxe4 21. Qxe4 {½-½ Beck,F (1535)-Malchereck,Z (1726) GER-chT U16 Darmstadt 2022 (6)}) 15... Be6 16. Nc4 e4 17. Bxe4 Nxe4 18. Rxe4 Bd5 19. Re1 g5 20. Ng2 (20. Nf5 Qf6 21. g4 Rae8) ({Better is} 20. Qd1 $15) 20... Qf6 (20... Qd7 $1 $17 {Strongly threatening ...Rfe8.} 21. b4 Rfe8) 21. f4 $1 $11 Rfe8 22. Rf1 Qg6 23. Rf2 Bxg2 (23... Re7 $11 {keeps the balance.} 24. Bd2 Kh7) 24. Kxg2 $16 Re1 25. Bd2 Nb4 26. Bxb4 (26. axb4 $6 Qc6+ 27. Kh3 g4+ 28. Kxg4 Qg6+ 29. Kh4 Bd8+ 30. Kh3 Qh5+ 31. Kg2 Qd5+ 32. Kh3 Qh5+ 33. Kg2 Qd5+ 34. Kh3 Qh5+ $11) 26... Qc6+ {[#]} 27. Kh3 $1 Rxb1 28. Qxb1 axb4 {[#]} 29. fxg5 $1 (29. axb4 Kg7 30. Qf1 Qd7+ 31. f5 Kh7 $18) 29... hxg5 30. Qd1 (30. axb4 Kg7 31. Qf1 Rh8+ 32. Kg4 Qe6+ 33. Kf3 f5 $11) 30... Kg7 31. Qf3 ({Inferior is} 31. axb4 Rh8+ 32. Kg4 Qg6 $11 (32... Qe6+ 33. Kf3 $11)) 31... Qxf3 32. Rxf3 bxa3 33. bxa3 Re8 (33... Kg6 $16 {keeps fighting.} 34. Kg4 Rh8) 34. Rf2 Rd8 35. Kg4 Kg6 36. Rf5 f6 37. h4 (37. a4 $18 {is more deadly.}) 37... gxh4 $16 38. gxh4 Kf7 39. Rf3 (39. Rh5 $16 {Hoping for Rh7+.} Ke6 40. Rh7 Rg8+ 41. Kf3 Rg3+ 42. Ke2) 39... Ke6 40. Rh3 Rd5 41. c6 b5 42. Nd2 Rd8 $2 (42... f5+ $14 43. Kf3 Rd6) 43. h5 $18 f5+ 44. Kf3 Kd5 45. h6 Kxc6 46. h7 Rh8 47. Rh5 $2 (47. Kg2 $18) 47... Kd7 48. Nb3 (48. Rxf5 Rxh7 49. Rxb5 Rh3+ 50. Ke4 Kc6 $11) 48... Bd6 49. Nxd4 Bxa3 50. Nxb5 Bb2 51. Rh2 Be5 52. Rh6 Ke7 53. Na3 Bg7 54. Rh1 Kf7 55. Nc4 Kg6 56. Rg1+ Kf6 57. Ne3 Rxh7 58. Nd5+ Kf7 59. Rg5 Rh3+ 60. Ke2 Rh2+ 61. Kf3 Rh3+ 62. Ke2 Rh2+ 63. Kf3 Rh3+ 64. Ke2 Rh2+ 65. Kf1 Bh6 66. Rxf5+ Ke6 67. Rf2 $1 Rxf2+ 1/2-1/2

[Event "Norway Eliteserien 2023-24"]
[Site "Oslo"]
[Date "2024.03.08"]
[Round "7.24"]
[White "Tallaksen, Levi Andre"]
[Black "Urkedal, Frode Olav Olsen"]
[Result "0-1"]
[ECO "A29"]
[WhiteElo "2312"]
[BlackElo "2525"]
[Annotator "TA"]
[PlyCount "108"]
[EventDate "2023.10.27"]
[EventType "team-tourn"]
[EventCountry "NOR"]
[SourceTitle "playchess.com"]
[Source "ChessBase"]
[SourceQuality "1"]
[TimeControl "40/5400+30:1800+30"]

1. c4 e5 2. Nc3 Nf6 3. g3 Bb4 4. Bg2 O-O 5. Nf3 Re8 6. O-O e4 7. Nd4 Nc6 8. Nc2 Bxc3 9. dxc3 h6 10. Ne3 d6 11. Qc2 {was the old line (11.b3).} a5 12. Rd1 {A29: English Opening: Four Knights Variation with 4 g3.} b6 13. Rb1 Bd7 14. Nd5 Bf5 15. b4 $146 ({Predecessor:} 15. Be3 Bg6 16. Nf4 Bf5 17. Nd5 Ng4 18. h3 Nf6 19. Rbc1 Bh7 20. Re1 a4 21. b3 {½-½ Pech,S (1948)-Dialfonso,D (2207) FICGS rapid A 000289 email 2022 (1)}) 15... Bh7 16. Be3 Nxd5 17. cxd5 Ne5 18. Bxe4 Bxe4 19. Qxe4 axb4 20. cxb4 Rxa2 21. Rd2 Ra4 22. Rc2 (22. Bf4 $11) 22... b5 $1 $15 23. Bd4 Nc4 24. Qg4 $1 f6 (24... Qg5 $15 25. Qd7 Rea8) 25. Rb3 Qe7 26. f3 Rea8 27. Qg6 (27. Kf2 {simplifies} Qf8 28. Qe6+ Kh8 29. h4) 27... Ra3 (27... Qf7 $15 28. Qf5 Qe7) 28. Rxa3 $11 Rxa3 29. Kf2 Ra4 30. h4 Qf7 31. Qf5 (31. Qxf7+ {simplifies} Kxf7 32. Bc3 f5 33. Rc1) 31... Qe8 32. g4 Rxb4 33. g5 fxg5 34. Ra2 Ra4 35. Rxa4 bxa4 36. hxg5 Qh5 37. Qe6+ Kh7 38. Bxg7 $2 (38. Bc3 $11 {and White is okay.} Nb6 (38... Qxg5 $2 39. Qe4+ Kh8 40. Qxc4 $18) 39. gxh6 Qxh6 40. Qe4+ Kh8 (40... Qg6 41. Qh4+ Qh6 42. Qe4+ Qg6 43. Qh4+ Qh6 44. Qe4+ $11) 41. Qe8+ Kh7 42. Qe4+ Kh8 (42... Qg6 43. Qh4+ Qh6 44. Qe4+ $11) 43. Qe8+ Kh7 44. Qe4+) 38... Qh2+ (38... Kxg7 39. gxh6+ Qxh6 40. Qg4+ Kf7 41. Qxc4 Qh2+ 42. Ke1 $11) (38... hxg5 39. Bc3 Qh2+ 40. Kf1 Qh1+ 41. Kf2 Qh2+ 42. Kf1 Qh1+ 43. Kf2 Qh2+ $11) 39. Kf1 Qh1+ (39... Kxg7 40. Qf6+ Kg8 41. Qe6+ Kf8 42. Qf5+ Ke7 43. Qe6+ Kd8 44. Qg8+ Ke7 45. Qe6+ Kf8 (45... Kd8 46. Qg8+ Kd7 47. Qf7+ Kd8 48. Qg8+ $11) 46. Qc8+ Kf7 47. Qe6+ (47. Qxc7+ Kg6 $11) 47... Kf8 $11) (39... hxg5 40. Bf6 Qh1+ 41. Kf2 Qh2+ 42. Kf1 Qh1+ 43. Kf2 Qh2+ 44. Kf1 $11) 40. Kf2 Qh4+ (40... Kxg7 41. Qe7+ Kg8 42. Qe6+ (42. Qxc7 Qh4+ 43. Kg1 Qxg5+ 44. Kf2 Qh4+ 45. Kg1 Qe1+ 46. Kh2 Qxe2+ 47. Kg3 Qe5+ 48. Kh3 Qf5+ 49. Kg3 Ne5 $19) (42. Qd8+ Kf7 $11) 42... Kf8 43. Qc8+ Kf7 44. Qxc7+ Kg6 45. Qxc4 $18) (40... hxg5 41. Qf5+ Kxg7 42. Qxg5+ Kf7 43. Qf4+ Ke8 44. Qxc4 $14) 41. Kg2 Qxg5+ ({And not} 41... Kxg7 42. Qe7+ Kg8 43. Qe8+ (43. Qd8+ Kg7 $11) 43... Kg7 44. Qe7+ Kg8 45. Qd8+ Kg7 46. gxh6+ Qxh6 47. Qxc7+ Kf6 48. Qxc4 $11) 42. Kf2 Qe3+ ({Less strong is} 42... Qxg7 43. Qe4+ Kg8 44. Qxc4 $11) 43. Qxe3 Nxe3 44. Bd4 Nxd5 45. e4 Nb4 46. Ke2 a3 47. Kd2 a2 48. Kc1 Nd3+ 49. Kd2 Ne5 50. Ke3 c5 51. Bc3 h5 52. f4 Nc4+ 53. Kd3 Na5 54. Kc2 h4 0-1

[Event "Norway Eliteserien 2023-24"]
[Site "Oslo"]
[Date "2024.03.08"]
[Round "7.25"]
[White "Kaasen, Tor Fredrik"]
[Black "Fossan, Aleksander"]
[Result "1/2-1/2"]
[ECO "B27"]
[WhiteElo "2437"]
[BlackElo "2133"]
[Annotator "RC"]
[PlyCount "74"]
[EventDate "2023.10.27"]
[EventType "team-tourn"]
[EventCountry "NOR"]
[SourceTitle "playchess.com"]
[Source "ChessBase"]
[SourceQuality "1"]
[TimeControl "40/5400+30:1800+30"]

1. e4 c5 2. Nf3 g6 3. c3 Nf6 4. e5 Nd5 5. Qb3 e6 6. d4 cxd4 7. cxd4 Nc6 8. Nc3 Nxc3 9. bxc3 d6 10. Bf4 dxe5 11. Nxe5 Bg7 12. Nxc6 bxc6 13. Be2 O-O 14. O-O Qa5 15. Bf3 e5 16. dxe5 Be6 17. Qb4 Qa6 18. Qc5 Rab8 19. Rfd1 Rb5 20. Qe3 Ra5 21. Rd2 h5 22. h4 Re8 23. Rd6 Rxa2 24. Rxa2 Qxa2 25. Bxc6 Rc8 26. Qd4 a5 27. Kh2 Qb3 28. Bg3 Bf8 29. Bd7 Bxd7 30. Rxd7 a4 31. e6 Qxe6 32. Qxa4 Rxc3 33. Rd8 Rc8 34. Qd4 Rxd8 35. Qxd8 Qe7 36. Qb8 Kh7 37. Qc7 Qxc7 1/2-1/2

[Event "Norway Eliteserien 2023-24"]
[Site "Oslo"]
[Date "2024.03.08"]
[Round "7.26"]
[White "Hestholm, Gustav"]
[Black "Haldorsen, Benjamin"]
[Result "0-1"]
[ECO "B41"]
[WhiteElo "1942"]
[BlackElo "2427"]
[Annotator "RC"]
[PlyCount "64"]
[EventDate "2023.10.27"]
[EventType "team-tourn"]
[EventCountry "NOR"]
[SourceTitle "playchess.com"]
[Source "ChessBase"]
[SourceQuality "1"]
[TimeControl "40/5400+30:1800+30"]

1. e4 c5 2. Nf3 e6 3. d4 cxd4 4. Nxd4 a6 5. c4 Nf6 6. Nc3 Qc7 7. a3 b6 8. Be3 Bb7 9. f3 Nc6 10. Be2 Be7 11. O-O O-O 12. Rc1 Ne5 13. b4 Ng6 14. g4 Bd6 15. Rf2 Bf4 16. Qd2 h5 17. gxh5 Nxh5 18. Kh1 Qe5 19. Na4 f5 20. Nxb6 Rad8 21. Bxf4 Ngxf4 22. exf5 Nh3 23. Rff1 Qf6 24. c5 N5f4 25. Bc4 Kh8 26. Rcd1 Qg5 27. Nb3 Qh5 28. Qe3 Rxf5 29. Na5 Re5 30. Qc3 Qg4 31. Rd2 Re1 32. Qd4 Bxf3+ 0-1

[Event "Norway Eliteserien 2023-24"]
[Site "Oslo"]
[Date "2024.03.08"]
[Round "7.31"]
[White "Petkov, Momchil"]
[Black "Asker-A. Brkic"]
[Result "1/2-1/2"]
[ECO "D37"]
[WhiteElo "2504"]
[BlackElo "2633"]
[Annotator "RC"]
[PlyCount "53"]
[EventDate "2023.10.27"]
[EventType "team-tourn"]
[EventCountry "NOR"]
[SourceTitle "playchess.com"]
[Source "ChessBase"]
[SourceQuality "1"]
[TimeControl "40/5400+30:1800+30"]

1. d4 Nf6 2. Nf3 d5 3. c4 e6 4. Nc3 Nbd7 5. a3 c6 6. Qd3 b6 7. cxd5 cxd5 8. Bf4 a6 9. e3 Bb7 10. Qb1 Be7 11. Bd3 Rc8 12. O-O b5 13. Rc1 h6 14. h3 O-O 15. Rc2 Nb6 16. b3 Ne4 17. Nxe4 dxe4 18. Rxc8 Qxc8 19. Bxe4 Bxe4 20. Qxe4 Bxa3 21. Qb1 Bb4 22. e4 a5 23. Qd3 Qc3 24. Qd1 Qc6 25. Qd3 Qc3 26. Qd1 Qc6 27. Qd3 1/2-1/2

[Event "Norway Eliteserien 2023-24"]
[Site "Oslo"]
[Date "2024.03.08"]
[Round "7.32"]
[White "Asker-A. Jankovic"]
[Black "Delchev, Aleksander"]
[Result "1/2-1/2"]
[ECO "D38"]
[WhiteElo "2550"]
[BlackElo "2492"]
[Annotator "RC"]
[PlyCount "28"]
[EventDate "2023.10.27"]
[EventType "team-tourn"]
[EventCountry "NOR"]
[SourceTitle "playchess.com"]
[Source "ChessBase"]
[SourceQuality "1"]
[TimeControl "40/5400+30:1800+30"]

1. d4 Nf6 2. c4 e6 3. Nf3 d5 4. Nc3 Bb4 5. cxd5 exd5 6. Bg5 h6 7. Bh4 O-O 8. e3 Bf5 9. Qb3 Bxc3+ 10. Qxc3 Nbd7 11. Be2 Re8 12. Nd2 Rc8 13. b4 Ne4 14. Nxe4 Qxh4 1/2-1/2

[Event "Norway Eliteserien 2023-24"]
[Site "Oslo"]
[Date "2024.03.08"]
[Round "7.33"]
[White "Elmi, Saad Abobaker"]
[Black "Sahl, Bjarke"]
[Result "1-0"]
[ECO "B38"]
[WhiteElo "2323"]
[BlackElo "2216"]
[Annotator "RC"]
[PlyCount "93"]
[EventDate "2023.10.27"]
[EventType "team-tourn"]
[EventCountry "NOR"]
[SourceTitle "playchess.com"]
[Source "ChessBase"]
[SourceQuality "1"]
[TimeControl "40/5400+30:1800+30"]

1. e4 c5 2. Nf3 a6 3. c4 Nc6 4. d4 cxd4 5. Nxd4 g6 6. Nc3 Bg7 7. Be3 d6 8. Be2 Nf6 9. O-O O-O 10. f3 Nxd4 11. Bxd4 Be6 12. b3 Rc8 13. Qd3 Nd7 14. Bxg7 Kxg7 15. f4 f6 16. Rac1 Qa5 17. Kh1 Rc5 18. Nd5 Qd8 19. Qd4 Rc8 20. Rce1 Re8 21. Ne3 Qb6 22. Qd2 Nc5 23. Bf3 Qc7 24. Nd5 Bxd5 25. exd5 b5 26. cxb5 axb5 27. Bg4 f5 28. Be2 Rb8 29. Bf3 Nd7 30. g4 fxg4 31. Bxg4 Nf6 32. Be6 b4 33. Rf3 Rb5 34. f5 Qb7 35. Rh3 Rxd5 36. Bxd5 Qxd5+ 37. Qxd5 Nxd5 38. Rd3 Nf6 39. fxg6 hxg6 40. Rd4 d5 41. Re5 e6 42. Rxb4 Nh5 43. a4 Kf6 44. Re1 e5 45. a5 e4 46. a6 Ra8 47. Ra1 1-0

[Event "Norway Eliteserien 2023-24"]
[Site "Oslo"]
[Date "2024.03.08"]
[Round "7.34"]
[White "Aulin-Jansson, Joran"]
[Black "Mihajlov, Sebastian"]
[Result "0-1"]
[ECO "C22"]
[WhiteElo "2102"]
[BlackElo "2373"]
[Annotator "RC"]
[PlyCount "73"]
[EventDate "2023.10.27"]
[EventType "team-tourn"]
[EventCountry "NOR"]
[SourceTitle "playchess.com"]
[Source "ChessBase"]
[SourceQuality "1"]
[TimeControl "40/5400+30:1800+30"]

1. e4 e5 2. d4 exd4 3. Qxd4 Nc6 4. Qe3 g6 5. Bd2 Bg7 6. Bc3 Nf6 7. f4 O-O 8. e5 d6 9. exf6 Re8 10. Qxe8+ Qxe8+ 11. Be2 Bh8 12. Nf3 Qd8 13. O-O Bxf6 14. Ng5 Nd4 15. Bd1 Bf5 16. Rf2 h6 17. Nf3 Nxf3+ 18. Bxf3 d5 19. Bxf6 Qxf6 20. Nc3 c6 21. Re1 Kf8 22. g4 Bd7 23. Be2 Re8 24. Ref1 Qh4 25. f5 gxf5 26. gxf5 d4 27. Nd1 Re5 28. Bd3 c5 29. Rg2 Re1 30. Nf2 Rxf1+ 31. Kxf1 Qf4 32. Rg4 Qc1+ 33. Kg2 h5 34. Rg3 Bc6+ 35. Be4 Qxc2 36. Kf3 d3 37. Rg8+ 0-1

[Event "Norway Eliteserien 2023-24"]
[Site "Oslo"]
[Date "2024.03.08"]
[Round "7.35"]
[White "Mellem, Nicolas Axel"]
[Black "Strand, Vetle Bjorge"]
[Result "0-1"]
[ECO "A06"]
[WhiteElo "2145"]
[BlackElo "2089"]
[Annotator "ChessBase"]
[PlyCount "68"]
[EventDate "2023.10.27"]
[EventType "team-tourn"]
[EventCountry "NOR"]
[SourceTitle "playchess.com"]
[Source "ChessBase"]
[SourceQuality "1"]
[TimeControl "40/5400+30:1800+30"]

1. d4 d5 2. c4 c6 3. Nf3 Nf6 4. e3 e6 5. Bd3 Nbd7 6. b3 Bd6 7. Bb2 b6 8. O-O Bb7 9. Nbd2 O-O 10. Ne5 c5 11. f4 cxd4 12. exd4 Ne4 13. cxd5 Nxd2 14. Qxd2 Bxd5 15. f5 Nxe5 16. dxe5 Bc5+ 17. Kh1 Be4 18. Rad1 exf5 19. Qc2 Qd5 20. Bxe4 Qxe4 21. Qc3 Rfd8 22. h3 Rxd1 23. Rxd1 Qe3 24. Qxe3 Bxe3 25. Rd7 a5 26. e6 f6 27. e7 Re8 28. Ba3 Kf7 29. Rb7 f4 30. h4 h5 31. Kh2 Bf2 32. Kh3 Bg3 33. Rxb6 g5 34. hxg5 fxg5 0-1

[Event "Norway Eliteserien 2023-24"]
[Site "Oslo"]
[Date "2024.03.08"]
[Round "7.36"]
[White "Diesen, Bruce"]
[Black "Olsen, Michael R. W."]
[Result "1-0"]
[ECO "B67"]
[WhiteElo "2065"]
[BlackElo "2041"]
[Annotator "RC"]
[PlyCount "71"]
[EventDate "2023.10.27"]
[EventType "team-tourn"]
[EventCountry "NOR"]
[SourceTitle "playchess.com"]
[Source "ChessBase"]
[SourceQuality "1"]
[TimeControl "40/5400+30:1800+30"]

1. e4 c5 2. Nf3 Nc6 3. d4 cxd4 4. Nxd4 Nf6 5. Nc3 d6 6. Bg5 e6 7. Qd2 a6 8. O-O-O Bd7 9. f3 Be7 10. h4 h6 11. Be3 h5 12. Bg5 b5 13. Nxc6 Bxc6 14. Kb1 Qb6 15. Bd3 a5 16. Rhe1 b4 17. Bxf6 gxf6 18. Ne2 Qc5 19. f4 a4 20. c3 d5 21. exd5 Bxd5 22. cxb4 Qxb4 23. Nc3 Bc6 24. f5 Rg8 25. fxe6 Rxg2 26. Be2 Rd8 27. exf7+ Kxf7 28. Qe3 Rxd1+ 29. Rxd1 a3 30. b3 Bc5 31. Qd3 Rxe2 32. Qh7+ Ke6 33. Qg8+ Kf5 34. Nxe2 Qe4+ 35. Kc1 Qxe2 36. Qh7+ 1-0

[Event "Norway Eliteserien 2023-24"]
[Site "Oslo"]
[Date "2024.03.08"]
[Round "7.41"]
[White "Houska, Jovanka"]
[Black "Sklyarov, Dmitry V."]
[Result "1-0"]
[ECO "A40"]
[WhiteElo "2342"]
[BlackElo "2450"]
[Annotator "RC"]
[PlyCount "41"]
[EventDate "2023.10.27"]
[EventType "team-tourn"]
[EventCountry "NOR"]
[SourceTitle "playchess.com"]
[Source "ChessBase"]
[SourceQuality "1"]
[TimeControl "40/5400+30:1800+30"]

1. d4 e6 2. c4 b6 3. e4 Bb7 4. Bd3 Bb4+ 5. Bd2 Bxd2+ 6. Qxd2 d5 7. cxd5 exd5 8. e5 c5 9. Nf3 Nc6 10. Nc3 Nge7 11. O-O O-O 12. Rfe1 f6 13. dxc5 bxc5 14. exf6 Rxf6 15. Ng5 h6 16. Ne6 Qd6 17. Nb5 Qb8 18. Nxc5 Bc8 19. Qe3 Bf5 20. Nd4 Bxd3 21. Nd7 1-0

[Event "Norway Eliteserien 2023-24"]
[Site "Oslo"]
[Date "2024.03.08"]
[Round "7.42"]
[White "Mikalsen, Erlend"]
[Black "Bern, Ivar"]
[Result "0-1"]
[ECO "B35"]
[WhiteElo "2341"]
[BlackElo "2300"]
[Annotator "RC"]
[PlyCount "48"]
[EventDate "2023.10.27"]
[EventType "team-tourn"]
[EventCountry "NOR"]
[SourceTitle "playchess.com"]
[Source "ChessBase"]
[SourceQuality "1"]
[TimeControl "40/5400+30:1800+30"]

1. e4 c5 2. Nf3 Nc6 3. d4 cxd4 4. Nxd4 g6 5. Nc3 Bg7 6. Be3 Nf6 7. Bc4 O-O 8. Bb3 d5 9. exd5 Na5 10. Qd2 Nxb3 11. axb3 Nxd5 12. Bh6 Bxh6 13. Qxh6 Nb4 14. O-O-O Qa5 15. Kb1 e5 16. Nde2 Bf5 17. Rd2 Rac8 18. f3 b5 19. g4 Bxc2+ 20. Rxc2 Nxc2 21. Kxc2 b4 22. h4 bxc3 23. h5 cxb2+ 24. Kxb2 Rfd8 0-1

[Event "Norway Eliteserien 2023-24"]
[Site "Oslo"]
[Date "2024.03.08"]
[Round "7.43"]
[White "Stokke, Kjetil"]
[Black "Nielsen, Andre"]
[Result "1/2-1/2"]
[ECO "E05"]
[WhiteElo "2302"]
[BlackElo "2271"]
[Annotator "ChessBase"]
[PlyCount "67"]
[EventDate "2023.10.27"]
[EventType "team-tourn"]
[EventCountry "NOR"]
[SourceTitle "playchess.com"]
[Source "ChessBase"]
[SourceQuality "1"]
[TimeControl "40/5400+30:1800+30"]

1. d4 Nf6 2. c4 e6 3. g3 d5 4. Bg2 Be7 5. Nf3 O-O 6. O-O dxc4 7. Ne5 Nc6 8. Nxc6 bxc6 9. Na3 Bxa3 10. bxa3 Ba6 11. Qd2 Rb8 12. Qa5 Qc8 13. a4 Rd8 14. Ba3 Rxd4 15. Bc5 Rd5 16. Rab1 Nd7 17. Rxb8 Qxb8 18. Bxd5 cxd5 19. e4 Nxc5 20. Qxc5 c3 21. Re1 dxe4 22. Qxc3 Bd3 23. Rc1 a6 24. Qxc7 Qxc7 25. Rxc7 g5 26. Rc5 h6 27. Kg2 Be2 28. Re5 Bc4 29. Rc5 Be2 30. h3 Kg7 31. Rc2 Bd3 32. Rc5 Be2 33. Rc2 Bd3 34. Rc5 1/2-1/2

[Event "Norway Eliteserien 2023-24"]
[Site "Oslo"]
[Date "2024.03.08"]
[Round "7.44"]
[White "Bruaset, Eivind"]
[Black "Gullaksen, Eirik"]
[Result "1-0"]
[ECO "B32"]
[WhiteElo "2239"]
[BlackElo "2321"]
[Annotator "ChessBase"]
[PlyCount "71"]
[EventDate "2023.10.27"]
[EventType "team-tourn"]
[EventCountry "NOR"]
[SourceTitle "playchess.com"]
[Source "ChessBase"]
[SourceQuality "1"]
[TimeControl "40/5400+30:1800+30"]

1. e4 c5 2. Nf3 Nc6 3. d4 cxd4 4. Nxd4 e5 5. Nb5 d6 6. N1c3 a6 7. Na3 Be7 8. Nd5 Nf6 9. Nc4 Nxd5 10. exd5 Nd4 11. c3 Nf5 12. a4 O-O 13. a5 Bg5 14. Bxg5 Qxg5 15. Qd2 Qf6 16. Nb6 Rb8 17. g3 e4 18. O-O-O Nh6 19. h3 Qe7 20. Re1 f5 21. f4 Bd7 22. Qd4 Rbe8 23. Be2 Qd8 24. h4 Qc7 25. Bd1 Re7 26. Re3 Rf6 27. b4 Nf7 28. Kb2 Be8 29. c4 Qd8 30. Be2 Rc7 31. Rc1 Kf8 32. Rec3 Kg8 33. c5 Bb5 34. Bxb5 axb5 35. c6 bxc6 36. Rxc6 1-0

[Event "Norway Eliteserien 2023-24"]
[Site "Oslo"]
[Date "2024.03.08"]
[Round "7.45"]
[White "Gabrielsen, Stig"]
[Black "Skaar, Ben Samuel Groth"]
[Result "0-1"]
[ECO "B33"]
[WhiteElo "2278"]
[BlackElo "1980"]
[Annotator "ChessBase"]
[PlyCount "106"]
[EventDate "2023.10.27"]
[EventType "team-tourn"]
[EventCountry "NOR"]
[SourceTitle "playchess.com"]
[Source "ChessBase"]
[SourceQuality "1"]
[TimeControl "40/5400+30:1800+30"]

1. e4 c5 2. Nf3 Nc6 3. d4 cxd4 4. Nxd4 Nf6 5. Nc3 e5 6. Ndb5 d6 7. Bg5 a6 8. Na3 b5 9. Nd5 Be7 10. Bxf6 Bxf6 11. c3 O-O 12. Nc2 Rb8 13. h4 g6 14. h5 Bg5 15. g3 Be6 16. Bg2 Ne7 17. Nce3 Nxd5 18. Nxd5 Kg7 19. Qd3 Bxd5 20. Qxd5 Qb6 21. a3 Qc5 22. Rd1 Rbd8 23. Rd3 Qxd5 24. Rxd5 Bc1 25. b4 Rc8 26. Rd3 Rc6 27. hxg6 hxg6 28. Ke2 Bb2 29. Rhd1 Rd8 30. f4 Rxc3 31. Rxc3 Bxc3 32. Rc1 Bb2 33. Rc6 Ra8 34. Rxd6 exf4 35. gxf4 Bxa3 36. e5 Ra7 37. Rd4 Bb2 38. Rd3 Bc1 39. Rd4 Bb2 40. Rd3 Bc1 41. Rd4 Kf8 42. Kf3 Ke7 43. Bh3 Rc7 44. Ke4 Bb2 45. Rd6 Rc4+ 46. Kf3 Rxb4 47. Rxa6 Bc1 48. Ra7+ Kf8 49. f5 gxf5 50. Bf1 Rf4+ 51. Kg2 b4 52. Rc7 Bb2 53. Rc5 Bd4 0-1

[Event "Norway Eliteserien 2023-24"]
[Site "Oslo"]
[Date "2024.03.08"]
[Round "7.46"]
[White "Hammari, Vinjar"]
[Black "Abdullah, Mansoor"]
[Result "1-0"]
[ECO "E20"]
[WhiteElo "1875"]
[BlackElo "2270"]
[Annotator "ChessBase"]
[PlyCount "73"]
[EventDate "2023.10.27"]
[EventType "team-tourn"]
[EventCountry "NOR"]
[SourceTitle "playchess.com"]
[Source "ChessBase"]
[SourceQuality "1"]
[TimeControl "40/5400+30:1800+30"]

1. d4 Nf6 2. c4 e6 3. Nf3 d5 4. g3 Bb4+ 5. Nc3 O-O 6. Bg2 c6 7. O-O Nbd7 8. Qb3 Be7 9. Rd1 b6 10. e4 Nxe4 11. Nxe4 dxe4 12. Ne5 Nxe5 13. dxe5 Qc7 14. Bxe4 Bb7 15. Qc2 h6 16. Qe2 Rad8 17. Bf4 c5 18. Qf3 Bxe4 19. Qxe4 Rd7 20. Rxd7 Qxd7 21. b3 Rd8 22. Be3 Bf8 23. h4 a5 24. Rb1 Qc7 25. h5 Rd7 26. Kg2 Qd8 27. Qc6 Rd3 28. a3 Qb8 29. Qe4 Qd8 30. Qb7 Be7 31. b4 Rxa3 32. bxc5 Bxc5 33. Bxc5 bxc5 34. Qa7 Kh7 35. Rb8 Qd2 36. Qxf7 Rxg3+ 37. Kxg3 1-0

[Event "Norway Eliteserien 2023-24"]
[Site "Oslo"]
[Date "2024.03.08"]
[Round "7.51"]
[White "Notkevich, Benjamin Arvola"]
[Black "SK 1911-I. Can"]
[Result "1/2-1/2"]
[ECO "E16"]
[WhiteElo "2462"]
[BlackElo "2512"]
[Annotator "NA"]
[PlyCount "69"]
[EventDate "2023.10.27"]
[EventType "team-tourn"]
[EventCountry "NOR"]
[SourceTitle "playchess.com"]
[Source "ChessBase"]
[SourceQuality "1"]
[TimeControl "40/5400+30:1800+30"]

1. d4 Nf6 2. c4 e6 3. Nf3 Bb4+ 4. Nbd2 b6 5. g3 Bb7 6. Bg2 O-O 7. O-O d5 8. cxd5 exd5 9. Ne5 Re8 10. Ndf3 Ne4 11. Bf4 Bd6 12. Nd3 c5 13. dxc5 bxc5 14. Rc1 Na6 15. Bxd6 Qxd6 16. e3 Rad8 17. Qb3 Bc8 18. Qc2 c4 19. Nde1 Nb4 20. Qa4 Qb6 21. a3 Na2 22. Rd1 Be6 23. Qc2 Rb8 24. Ra1 Qb3 25. Qe2 Bg4 26. h3 c3 27. bxc3 Naxc3 28. Qa6 Rb6 29. Qxa7 Rb7 30. Qa5 Rb5 31. Qa6 Rb6 32. Qa5 Rb5 33. Qa6 Rb6 34. Qa7 Rb7 35. Qa5 1/2-1/2

[Event "Norway Eliteserien 2023-24"]
[Site "Oslo"]
[Date "2024.03.08"]
[Round "7.53"]
[White "Lund, Gunnar"]
[Black "Wallace, John Paul"]
[Result "0-1"]
[ECO "A15"]
[WhiteElo "2321"]
[BlackElo "2365"]
[Annotator "RC"]
[PlyCount "42"]
[EventDate "2023.10.27"]
[EventType "team-tourn"]
[EventCountry "NOR"]
[SourceTitle "playchess.com"]
[Source "ChessBase"]
[SourceQuality "1"]
[TimeControl "40/5400+30:1800+30"]

1. Nf3 Nf6 2. c4 g6 3. b3 Bg7 4. Bb2 d6 5. g3 O-O 6. Bg2 e5 7. O-O Re8 8. d3 c6 9. e3 h5 10. Qe2 Nh7 11. Nc3 d5 12. Rfe1 Bg4 13. h3 Be6 14. Rac1 Na6 15. h4 Bg4 16. Qd2 e4 17. Nh2 Nc5 18. Nxg4 hxg4 19. dxe4 dxc4 20. Nd5 Bxb2 21. Rxc4 Ba3 0-1